 Dungeon Crawl Stone Soup version 0.27-a0-1456-gf5a116941d (webtiles) character file.

Game seed: 1104821058109180440

2727 nyamberluvr69 the Fighter (level 9, -7/81 HPs)
             Began as a Merfolk Gladiator on July 6, 2021.
             Was an Initiate of Fedhas.
             Killed from afar by an electric eel (8 damage)
             ... with a bolt of electricity
             ... on level 8 of the Dungeon.
             The game lasted 00:15:14 (10976 turns).

nyamberluvr69 the Fighter (Merfolk Gladiator)      Turns: 10976, Time: 00:15:15

Health: -7/81      AC:  8    Str: 14    XL:     9   Next: 67%
Magic:  9/9        EV:  8    Int:  8    God:    Fedhas [......]
Gold:   330        SH:  7    Dex: 18    Spells: 8/8 levels left

rFire    . . .     SeeInvis .   m - +0 trident (venom)
rCold    . . .     Faith    .   g - +0 kite shield
rNeg     . . .     Spirit   .   w - +0 scale mail
rPois    .         Reflect  .   c - +0 helmet
rElec    .         Harm     .   (no cloak)
rCorr    +         Rampage  .   (no gloves)
Will     .....                  x - +0 pair of boots of Recklessness {rCorr}
Stlth    ..........             (no amulet)
HPRegen  0.23/turn              (no ring)
MPRegen  0.11/turn              (no ring)

@: no status effects
A: (nimble swimmer 2), mertail
a: Renounce Religion


You were on level 8 of the Dungeon.
You worshipped Fedhas.
Fedhas was noncommittal.
You visited 2 branches of the dungeon, and saw 9 of its levels.

You collected 330 gold pieces.

Inventory:

Hand Weapons
 a - a +0 trident
 m - a +0 trident of venom (weapon)
Missiles
 h - 3 atropa-tipped darts (quivered)
Armour
 c - a +0 helmet (worn)
 g - a +0 kite shield (worn)
 u - a +0 pair of boots
 w - a +0 scale mail (worn)
 x - the +0 pair of boots of Recklessness (worn) {rCorr}
   (You found it on level 5 of the Dungeon)

   rCorr:     It protects you from acid and corrosion.
 y - a +0 plate armour
 F - a +1 plate armour of willpower
Jewellery
 f - a ring of flight
Wands
 r - a wand of polymorph (9)
 A - a wand of charming (10)
 C - a wand of digging (13)
 D - a wand of flame (19)
Scrolls
 b - 3 scrolls of vulnerability {unknown}
 i - 4 scrolls of teleportation {unknown}
 j - 8 scrolls of identify {unknown}
 l - 4 scrolls of enchant armour {unknown}
 o - 2 scrolls of noise {unknown}
 s - a scroll of fog {unknown}
 z - a scroll of amnesia {unknown}
 E - a scroll of enchant weapon {unknown}
 J - a scroll of immolation {unknown}
Potions
 e - a potion of mutation {unknown}
 k - a potion of ambrosia {unknown}
 n - a potion of heal wounds {unknown}
 p - 2 potions of resistance {unknown}
 q - a potion of magic {unknown}
 t - 2 potions of lignification {unknown}
 v - a potion of haste {unknown}
 B - a potion of attraction {unknown}
 G - a potion of curing {unknown}
 H - 2 potions of flight {unknown}
 I - a potion of invisibility {unknown}


   Skills:
 * Level 11.5 Fighting
 + Level 11.3 Polearms
 - Level 2.0 Throwing
 - Level 4.0 Dodging


You had 8 spell levels left.
You didn't know any spells.
Your spell library contained the following spells:

 Spells                   Type           Power      Damage    Failure   Level
 Stone Arrow              Conj/Erth      0%         3d7       100%        3
 Airstrike                Air            0%         N/A       100%        4
 Animate Armour           Summ/Erth      0%         N/A       100%        4
 Summon Lightning Spire   Summ/Air       0%         N/A       100%        4
 Lightning Bolt           Conj/Air       0%         1d11      100%        5
 Lehudib's Crystal Spear  Conj/Erth      0%         10d2      100%        8


Dungeon Overview and Level Annotations

Branches:
Dungeon (8/15)             Temple (1/1) D:7
   Lair: D:8-11

Altars:
Ashenzari
Cheibriados
Elyvilon
Fedhas
Gozag
Hepliaklqana
Nemelex Xobeh
Okawaru
Qazlal
Trog
Uskayaw
Wu Jian
Yredelemnul
Zin
The Shining One

Shops:
D:6 (

Annotations:
D:5 3 runed translucent doors, Phlounder's ghost, weakling DjDe


Innate Abilities, Weirdness & Mutations

((You are quick and stealthy near water. (Stealth+, EV+, Speed+++)))
Your lower body shifts to a powerful aquatic tail in water.


Message History

Throw: throwing net
Press: ? - help, Q - select action, (/) - cycle Shift-Dir - straight line, f - ice beast
Aim: an ice beast (moderately wounded, poisoned, 67% to hit)
You throw a throwing net. The throwing net hits the ice beast.
The ice beast is caught in the net!
The ice beast is moderately wounded.
The ice beast struggles against the net.
You barely miss the ice beast.
The ice beast is moderately wounded.
The ice beast looks more healthy.
The ice beast struggles against the net.
You hit the ice beast but do no damage.
The ice beast is moderately wounded.
The ice beast struggles against the net.
You hit the ice beast.
The ice beast is heavily wounded.
The ice beast struggles against the net.
You catch the helpless ice beast completely off-guard!
You hit the ice beast but do no damage.
The ice beast is heavily wounded.
The ice beast struggles against the net.
You strike the helpless ice beast from behind!
You puncture the ice beast!
The ice beast is poisoned.
The ice beast is severely wounded.
The ice beast struggles against the net.
The net rips apart, and the ice beast comes free!
You closely miss the ice beast.
The ice beast is severely wounded.
You block the ice beast's attack.
You hit the ice beast but do no damage.
The ice beast looks as sick as possible!
The ice beast is severely wounded.
The ice beast hits you.
* * * LOW HITPOINT WARNING * * *
The ice beast freezes you!
* * * LOW HITPOINT WARNING * * *
The electric eel shoots out a bolt of lightning at you!
The bolt of electricity hits you!
You die...
Fedhas appreciates your contribution to the ecosystem.

####≈≈≈≈### ##≈≈≈≈≈##
###≈≈≈≈# ##≈≈≈## ##≈≈≈###
###≈≈≈≈≈###
###############;≈≈≈≈≈≈≈≈#
................≈≈≈≈≈≈≈≈≈
......[Y@.......≈.≈≈≈≈≈≈≈
...................≈≈≈≈.≈
....................≈....
#.###.###########$....<..
# (.. ### #...##...
###.####.########.##.##
#>....................
#.#...................
#.......########.###..


You could see an ice beast (extremely poisoned) and an electric eel.

Vanquished Creatures
  A wyvern (D:6)
  Edmund (D:5)
  A water moccasin (D:6)
  2 orc warriors
  2 sky beasts (D:7)
  2 black bears
  An ogre (D:5)
  2 centaurs
  A kobold brigand (D:6)
  3 bullfrogs
  3 scorpions
  A wyvern skeleton (D:7)
  An electric eel (D:8)
  2 howler monkeys (D:4)
  A centaur zombie (D:6)
  4 hounds
  4 jellies
  An orc priest (D:3)
  2 bullfrog skeletons
  2 gnoll shamans (D:6)
  5 iguanas
  3 orc wizards
  A hound zombie (D:5)
  A howler monkey zombie (D:7)
  7 gnolls (D:6)
  9 adders
  A shadow imp (D:8)
  2 white imps
  2 ufetubi (D:4)
  4 worms
  2 adder skeletons (D:4)
  A dart slug (D:4)
  15 orcs
  9 ball pythons
  6 endoplasms
  8 giant cockroaches
  6 goblins
  12 hobgoblins
  4 jackals
  12 kobolds
  4 quokkas
  4 bats
  3 frilled lizards
  6 rats
164 creatures vanquished.

Notes
Turn   | Place    | Note
-------+----------+-------------------------------------------
     0 | D:1      | nyamberluvr69 the Merfolk Gladiator began the quest for the
                  | Orb.
     0 | D:1      | Reached XP level 1. HP: 16/16 MP: 1/1
   289 | D:1      | Reached XP level 2. HP: 23/23 MP: 2/2
   312 | D:1      | Found a faded altar of an unknown god.
   872 | D:1      | Reached XP level 3. HP: 29/29 MP: 3/3
   885 | D:1      | Reached skill level 5 in Polearms
  1565 | D:2      | Reached XP level 4. HP: 23/37 MP: 4/4
  2259 | D:3      | Found a bloodstained altar of Trog.
  2545 | D:3      | Reached XP level 5. HP: 43/43 MP: 5/5
  2561 | D:3      | Reached skill level 5 in Fighting
  2599 | D:3      | Found an iron altar of Okawaru.
  3168 | D:4      | Found a snail-covered altar of Cheibriados.
  3255 | D:4      | Reached XP level 6. HP: 52/52 MP: 6/6
  4366 | D:4      | Reached XP level 7. HP: 51/59 MP: 7/7
  4807 | D:5      | Entered Level 5 of the Dungeon
  5212 | D:5      | Noticed Edmund
  5236 | D:5      | Killed Edmund
  5244 | D:5      | Reached XP level 8. HP: 25/68 MP: 8/8
  5470 | D:5      | Identified the +0 pair of boots of Recklessness {rCorr}
  5932 | D:5      | Noticed Phlounder's ghost (weakling DjDe)
  5957 | D:5      | Noticed Sigmund
  6077 | D:5      | Noticed Sigmund
  6077 | D:5      | Sigmund changed into Sigmund the jelly
  6081 | D:5      | Killed Sigmund the jelly
  6225 | D:5      | Found a hide-covered altar of Uskayaw.
  6232 | D:5      | Found a white marble altar of Elyvilon.
  6274 | D:5      | Found a runed translucent gate.
  6275 | D:5      | Found a runed translucent gate.
  6276 | D:5      | Found a runed translucent gate.
  7612 | D:6      | Reached skill level 10 in Fighting
  7612 | D:6      | Reached skill level 10 in Polearms
  7712 | D:6      | Reached XP level 9. HP: 74/78 MP: 9/9
  8256 | D:6      | Found Ceiten's Weapon Emporium.
  8915 | D:7      | Found a stormy altar of Qazlal.
  9096 | D:7      | Found a staircase to the Ecumenical Temple.
  9153 | Temple   | Entered the Ecumenical Temple
  9483 | Temple   | Became a worshipper of Fedhas Madash
 10975 | D:8      | HP: 1/81 [ice beast (14)]
 10976 | D:8      | Killed from afar by an electric eel

Illustrated notes

Levels and vault maps discovered:
D:1:      mrwooster_arrival_statue, layout_basic,
          shapermc_ecumenical_altar_totnotflames, hex_tiny, st_stairs_5,
          minmay_crystal_water
D:2:      layout_basic
D:3:      layout_basic, nicolae_overflow_crystal_walls, trog_book,
          hangedman_glass_teeth
D:4:      minmay_thinvault, layout_loops_ring, lemuel_round_altar,
          hangedman_decor_points, kennysheep_generic_room_15
D:5:      layout_gridville, amethyst_overflow_temple_binary,
          gammafunk_ghost_split, uniq_edmund, uniq_sigmund
D:6:      layout_loops_corners, serial_shops, kennysheep_little_box
D:7:      layout_loops_ring, kennysheep_mini, lemuel_temple_firewalk_b
D:8:      statuecave_lemuel, layout_basic, chequers_serial_rivers_micro_e
Temple:   compressed_dpeg_triangle_lava_temple

Skill      XL: |  1  2  3  4  5  6  7  8  9 |
---------------+----------------------------+-----
Fighting       | 3 4 5 6 8 10 11 | 11.5
Polearms       | 5 6 7 8 10 11 | 11.3
Throwing       | |  2.0
Dodging        | |  4.0

Action                   |  1- 3 |  4- 6 |  7- 9 || total
-------------------------+-------+-------+-------++-------
Melee: Trident           |   112 |   162 |   336 ||   610
Throw: Throwing net      |       |       |     5 ||     5
Evoke: Wand              |       |       |     8 ||     8
 Stab: Sleeping          |     1 |     1 |       ||     2
       Held in net/web   |       |       |     4 ||     4
Armor: Leather armour    |    14 |       |       ||    14
       Ring mail         |    18 |    48 |    19 ||    85
       Scale mail        |       |       |   108 ||   108
Dodge: Dodged            |    38 |    42 |    95 ||   175
Block: Kite shield       |    19 |    54 |   110 ||   183

Table legend: (Time is in decaauts)
 A = Elapsed time spent in this place.
 B = Non-inter-level travel time spent in this place.
 C = Inter-level travel time spent in this place.
 D = Time resting spent in this place.
 E = Time spent auto-exploring this place.
 F = Levels seen in this place.
 G = Mean time per level.
                   A        B        C        D        E       F      G
               +--------+--------+--------+--------+--------+-----+--------+
         Total |  11083 |  10765 |    318 |   2256 |   6976 |   9 | 1231.4 |
       Dungeon |  10715 |  10410 |    305 |   2256 |   6714 |   8 | 1339.4 |
        Temple |    368 |    355 |     13 |      0 |    262 |   1 |  368.0 |
               +--------+--------+--------+--------+--------+-----+--------+

Top non-repeatable levels by time:
     D:4: 2025 daAuts
     D:6: 1841 daAuts
     D:5: 1608 daAuts
     D:7: 1358 daAuts
     D:1: 1176 daAuts
     D:3: 1091 daAuts
     D:2: 947 daAuts
     D:8: 664 daAuts
  Temple: 368 daAuts
